 Dungeon Crawl Stone Soup version 0.28-b1-1-g3c77fb2ed1 (webtiles) character file.

Game seed: 8534377391718789583

281 zeram the Covered (level 6, 0/38 HPs)
             Began as a Gargoyle Fighter on Jan 28, 2022.
             Killed by divine providence
             ... invoked by an orc priest
              (12 damage)
             ... on level 3 of the Dungeon.
             The game lasted 00:05:56 (4350 turns).

zeram the Covered (Gargoyle Fighter)                Turns: 4350, Time: 00:05:56

Health: 0/38       AC: 13    Str: 21    XL:     6   Next: 27%
Magic:  6/6        EV:  9    Int:  9    God:
Gold:   91         SH:  4    Dex:  9    Spells: 5/5 levels left

rFire   . . .      SeeInvis .   a - +1 flail (vamp)
rCold   . . .      Faith    .   c - +0 buckler
rNeg    + . .      Spirit   .   b - +0 scale mail
rPois   ∞          Reflect  .   (no helmet)
rElec   +          Harm     .   k - +0 cloak
rCorr   +          Rampage  .   (no gloves)
Will    .....                   (no boots)
Stlth   ..........              (no amulet)
HPRegen 0.12/turn               e - ring of resist corrosion
MPRegen 0.10/turn               (no ring)

@: studying Armour
A: sickness immunity, AC +4, negative energy resistance 1, electricity
resistance, torment resistance 1, petrification resistance
a: no special abilities


You were on level 3 of the Dungeon.
You visited 1 branch of the dungeon, and saw 4 of its levels.
You also visited: Sewer.

You collected 91 gold pieces.

Inventory:

Hand Weapons
 a - a +1 vampiric flail (weapon)
Missiles
 g - 8 poisoned darts (quivered)
Armour
 b - a +0 scale mail (worn)
 c - a +0 buckler (worn)
 k - a +0 cloak (worn)
Jewellery
 e - a ring of resist corrosion (left hand)
Scrolls
 h - 3 scrolls of noise
 p - a scroll of blinking
Potions
 d - a potion of might
 f - 3 potions of lignification
 i - a potion of berserk rage {unknown}
 j - a potion of heal wounds {unknown}
 l - a potion of haste {unknown}


   Skills:
 + Level 4.1 Fighting
 + Level 4.3 Maces & Flails
 + Level 5.5 Armour
 + Level 1.1 Dodging
 + Level 3.9 Shields


You had 5 spell levels left.
You didn't know any spells.
Your spell library contained the following spells:

 Spells                   Type           Power      Damage    Failure   Level
 Foxfire                  Conj/Fire      0%         2x1d4     80%         1
 Mephitic Cloud           Conj/Pois/Air  0%         N/A       99%         3
 Stone Arrow              Conj/Erth      0%         3d7       99%         3
 Malign Gateway           Summ/Tloc      0%         N/A       100%        7
 Summon Horrible Things   Summ           0%         N/A       100%        8


Dungeon Overview and Level Annotations

Branches:
Dungeon (4/15)              Sewer (visited)
 Temple: D:4-7

Altars:


Innate Abilities, Weirdness & Mutations

You are immune to sickness and miasma.
Your stone body is resilient. (AC +4)
You are immune to poison.
You resist negative energy. (rN+)
You are resistant to electric shocks. (rElec)
You are resistant to unholy torment.
You are immune to petrification.


Message History

You are too injured to fight recklessly!
You are too injured to fight recklessly!
You are too injured to fight recklessly!
You are too injured to fight recklessly!
You are too injured to fight recklessly!
You are too injured to fight recklessly!
You are too injured to fight recklessly!
You are too injured to fight recklessly!
You are too injured to fight recklessly!
You are too injured to fight recklessly!
You are too injured to fight recklessly!
You are too injured to fight recklessly!
You barely miss the orc priest.
The orc priest hits you but does no damage.
You hit the orc priest.
The orc priest is moderately wounded.
The orc priest calls down the wrath of Beogh upon you.
Pain shoots through your body!
You hit the orc priest.
The orc priest is moderately wounded.
The orc priest hits you with a +0 falchion.
* * * LOW HITPOINT WARNING * * *
The orc priest closely misses you.
You sock the orc priest!
You feel better.
The orc priest is almost dead.
You block the orc priest's attack.
You barely miss the orc priest.
The orc priest is almost dead.
The orc priest looks encouraged for a moment.
You closely miss the orc priest.
The orc priest is almost dead.
The orc priest hits you but does no damage.
You hit the orc priest but do no damage.
The orc priest is almost dead.
The orc priest hits you with a +0 falchion.
You hit the orc priest but do no damage.
The orc priest is almost dead.
The orc priest calls down the wrath of Beogh upon you.
Beogh smites you!
You die...

.###.#### #......##.# #.#
.##.....# #......##.# #.#
.##.....# #......##.# #.#
.##.....# ##.######.# #.#
.##.....######.# #.# #.#
.###...........######.#####.#
....................#.......#
###################.#########
...............o@##.#
#.#.###############÷####
.<#.### #.............#
#.....# #.............#
#.....# #.............#
......# #..........>..#
##....#############.#.##
......#...........#....#
#######.#############..##


You could see an orc priest.

Vanquished Creatures
  A bullfrog (Sewer)
  Crazy Yiuf (D:3)
  An orc priest (D:3)
  7 adders
  A worm (D:3)
  A dart slug (D:1)
  An orc (D:3)
  6 bats
  5 endoplasms
  14 giant cockroaches
  7 goblins
  9 hobgoblins
  A kobold (D:2)
  8 quokkas
  9 ball pythons
  7 frilled lizards
  3 rats
  A bush (D:2)
83 creatures vanquished.

Vanquished Creatures (others)
  A fungus (D:3)
  7 plants
8 creatures vanquished.

Grand Total: 91 creatures vanquished

Notes
Turn   | Place    | Note
-------+----------+-------------------------------------------
     0 | D:1      | zeram the Gargoyle Fighter began the quest for the Orb.
     0 | D:1      | Reached XP level 1. HP: 14/14 MP: 1/1
   339 | D:1      | Reached XP level 2. HP: 19/19 MP: 2/2
   753 | D:1      | Reached XP level 3. HP: 20/23 MP: 3/3
  1044 | D:1      | Identified a scroll of acquirement
  1044 | D:1      | Acquired a manual of Armour
  1639 | D:2      | Reached skill level 4 in Armour
  1659 | D:2      | Reached XP level 4. HP: 24/29 MP: 4/4
  2701 | D:3      | Got the Volume of Attacks
  2777 | D:3      | Found a glowing drain.
  2807 | Sewer    | Entered a sewer
  3199 | Sewer    | Reached XP level 5. HP: 29/33 MP: 5/5
  3348 | Sewer    | Reached skill level 5 in Armour
  3348 | Sewer    | Reached skill level 1 in Dodging
  4213 | D:3      | Found a runed translucent door.
  4214 | D:3      | Noticed Crazy Yiuf
  4222 | D:3      | Killed Crazy Yiuf
  4223 | D:3      | Reached XP level 6. HP: 33/38 MP: 6/6
  4350 | D:3      | Killed from afar by an orc priest

Illustrated notes

Levels and vault maps discovered:
D:1:      co_arrival_square_in_a_square_in_a_square, layout_basic, fountainhead
D:2:      layout_rooms, serial_forest, infiniplex_forest_diagonal,
          infiniplex_forest_zigzag_2, infiniplex_forest_pool,
          infiniplex_forest_clump_tiny, infiniplex_forest_clump_diagonal,
          infiniplex_forest_end_3, infiniplex_forest_straight_3
D:3:      layout_basic, portal_sewer_entry_f, chequers_big_river,
          uniq_crazy_yiuf_cottage
D:4:      layout_gridville

Skill      XL: |  1  2  3  4  5 |
---------------+----------------+-----
Armour         | 4 5 |  5.5
Maces & Flails | 3 4 |  4.3
Fighting       | 4 |  4.1
Dodging        | 1 |  1.1
Shields        | |  3.9

Action                   |  1- 3 |  4- 6 || total
-------------------------+-------+-------++-------
Melee: Flail             |   141 |   278 ||   419
  Use: Scroll            |     2 |     5 ||     7
       Potion            |       |     1 ||     1
Armor: Scale mail        |    81 |   126 ||   207
Dodge: Dodged            |    78 |   107 ||   185
Block: Buckler           |    32 |    56 ||    88
